 Dungeon Crawl Stone Soup version 0.31-a0-198-g2ad674f65e (webtiles) character file.

Game seed: 11160669436172707805

77 qw the Shooter (level 4, -1/25 HPs)
             Began as a Deep Elf Hunter on June 25, 2023.
             Killed by nerve-wracking pain
             ... invoked by Grinder
              (14 damage)
             ... on level 3 of the Dungeon.
             The game lasted 00:00:37 (1471 turns).

qw the Shooter (Deep Elf Hunter)                    Turns: 1471, Time: 00:00:37

Health: -1/25      AC:  3    Str: 10    XL:     4   Next: 13%
Magic:  6/6        EV: 12    Int: 14    God:
Gold:   121        SH:  0    Dex: 18    Spells: 3/3 levels left

rFire   . . .        Y - +0 shortbow
rCold   . . .        (shield currently unavailable)
rNeg    . . .        c - +0 leather armour
rPois   .            (no helmet)
rElec   .            (no cloak)
rCorr   .            (no gloves)
SInv    .            (no boots)
Will    .....        (no amulet)
Stlth   ++           (no ring)
HPRegen 0.24/turn    (no ring)
MPRegen 0.10/turn

%: no passive effects
@: no status effects
A: no striking features
a: no special abilities


You were on level 3 of the Dungeon.
You visited 1 branch of the dungeon, and saw 3 of its levels.

You collected 121 gold pieces.


   Skills:
 - Level 1.5 Fighting
 + Level 7.5 Ranged Weapons
 - Level 2.4 Dodging
 - Level 1.2 Stealth


You had 3 spell levels left.
You didn't know any spells.
Your spell library was empty.

Inventory:

Hand Weapons
 Y - a +0 shortbow (weapon)
Armour
 b - a +0 scale mail
 c - a +0 leather armour (worn)
Scrolls
 a - a scroll of identify
 e - a scroll of enchant weapon {unknown}
 f - a scroll of teleportation
Potions
 d - a potion of curing
 g - a potion of magic {unknown}

Dungeon Overview and Level Annotations

Branches:
Dungeon (3/15)

Altars:
Ashenzari

Annotations:
D:3 Grinder


Message History

Enter note:
Found a dagger.
Enter note:
Enter note:
Found an escape hatch in the ceiling.
Enter note:
Enter note: You now have 114 gold pieces (gained 13).
An orc comes into view. It is wielding a +0 flail.
Found a stone staircase leading up.
Enter note:
Enter note:
Enter note: You shoot an arrow.
The arrow hits the orc!
You kill the orc!
You now have 121 gold pieces (gained 7).
Grinder comes into view.
Enter note:
Enter note:
Enter note: You shoot an arrow.
The arrow hits Grinder.
Grinder is lightly wounded.
You shoot an arrow. The arrow closely misses Grinder.
You shoot an arrow. The arrow hits Grinder.
Grinder is lightly wounded.
Grinder blinks!
You shoot an arrow. The arrow hits Grinder!
Grinder is moderately wounded.
You shoot an arrow. The arrow barely misses Grinder.
Grinder gestures at you. Pain shoots through your body!
Ouch! That really hurt!
You shoot an arrow. The arrow hits Grinder.
Grinder is heavily wounded.
Grinder says, "Mostly I couldn't keep them alive."
You shoot an arrow. The arrow closely misses Grinder.
Grinder gestures at you. Pain shoots through your body!
Ouch! That really hurt!
You die...

##### ###. ##.... ##..
##..... ... #...).< ...
#...... .. #.# #...... #.
#.# #.<....
.#########.##########......
..........@................
#.#########5.########......
######)# #...# ##.#
###......... #.....%###...#
#.# #...........
#.###........#
#.###........... #.#
##.###...# #.##....###..)..
##.# #.# ##.###
#.##....#_#..... ...# ...
#...# #..#....#+#....# ####
#...# ###.####..#####
######


You could see Grinder.

Vanquished Creatures
  2 adders (D:2)
  2 worms
  2 dart slugs
  An orc (D:3)
  A ball python (D:3)
  3 bats
  2 endoplasms (D:1)
  3 giant cockroaches (D:1)
  9 goblins
  4 hobgoblins
  A quokka (D:1)
  4 frilled lizards
  4 kobolds
  8 rats
  A spectral hobgoblin (D:2)
47 creatures vanquished.

Notes
Turn   | Place    | Note
-------+----------+-------------------------------------------
     0 | D:1      | qw the Deep Elf Hunter began the quest for the Orb.
     0 | D:1      | Reached XP level 1. HP: 12/12 MP: 3/3
     0 | D:1      | 0 ||| qw: Version: 0.3-a-22-g0ed2b0b
     0 | D:1      | 0 ||| qw: Game counter: 5073
     0 | D:1      | 0 ||| qw: Melee chars always use a shield: true
     0 | D:1      | 0 ||| qw: God list: Okawaru
     0 | D:1      | 0 ||| qw: Allow faded altars: false
     0 | D:1      | 0 ||| qw: Do Orc after clearing Dungeon:15 true
     0 | D:1      | 0 ||| qw: Do second Lair branch before Depths: true
     0 | D:1      | 0 ||| qw: Lair rune preference: random
     0 | D:1      | 0 ||| qw: Goals: Normal
     0 | D:1      | 0 ||| PLANNING D:1-11
   150 | D:1      | Reached XP level 2. HP: 16/16 MP: 4/4
   192 | D:1      | Reached skill level 6 in Ranged Weapons
   649 | D:1      | 649 ||| READING 4 scrolls labelled GUGIDGHUTAWN.
   650 | D:1      | 650 ||| READING scroll labelled ABLAMUAHOLU.
   651 | D:1      | 651 ||| READING 3 scrolls of identify.
   651 | D:1      | 651 ||| IDENTIFYING fuming cyan potion
   652 | D:1      | 652 ||| READING 2 scrolls of identify.
   652 | D:1      | 652 ||| IDENTIFYING white potion
   653 | D:1      | 653 ||| DROPPING scroll of butterflies.
   654 | D:1      | 654 ||| DROPPING potion of ambrosia.
   655 | D:1      | 655 ||| DROPPING potion of attraction.
   728 | D:2      | Reached XP level 3. HP: 20/20 MP: 5/5
   876 | D:2      | Reached skill level 7 in Ranged Weapons
   933 | D:2      | Found a faded altar of an unknown god.
  1285 | D:2      | 1285 ||| READING scroll labelled LOHUPA ZUKHI.
  1289 | D:2      | 1289 ||| READING 2 scrolls of identify.
  1289 | D:2      | 1289 ||| IDENTIFYING murky purple potion
  1339 | D:3      | Reached XP level 4. HP: 25/25 MP: 6/6
  1426 | D:3      | Found a broken altar of Ashenzari.
  1464 | D:3      | Noticed Grinder
  1471 | D:3      | Killed from afar by Grinder

Levels and vault maps discovered:
D:1:      saegor_arrival_simple_d, layout_loops_ring
D:2:      layout_rooms, dreamdust_ecumenical_altar_drowned_temple,
          minmay_misc_feat_secret_circle, serial_bayou_lagoon_b
D:3:      layout_rooms, tso_oasis_becter, ashenzari_conservatory_becter,
          uniq_grinder

Skill      XL: |  1  2  3 |
---------------+----------+-----
Ranged Weapons | 6 7 |  7.5
Fighting       | |  1.5
Dodging        | |  2.4
Stealth        | |  1.2

Action                     |  1- 3 |  4- 6 || total
---------------------------+-------+-------++-------
   Fire: Shortbow          |   115 |    22 ||   137
    Use: Scroll            |     6 |       ||     6
 Armour: Leather armour    |    11 |     2 ||    13
  Dodge: Dodged            |    26 |     3 ||    29

Table legend:
 A = Non-vault XP
 B = Vault XP
 C = Vault XP percentage of total XP
 D = Non-vault monster count
 E = Vault monster count
 F = Vault count percentage of total count
                 A         B        C        D         E       F
            +---------+---------+-------+---------+---------+-------
      Total |     109 |       1 |   0.9 |      46 |       1 |   2.1
            +---------+---------+-------+---------+---------+-------
        D:1 |      39 |       0 |   0.0 |      22 |       0 |   0.0
        D:2 |      49 |       1 |   2.0 |      14 |       1 |   6.7
        D:3 |      21 |       0 |   0.0 |      10 |       0 |   0.0
            +---------+---------+-------+---------+---------+-------
